[Event "35th Staufer-Open-A 2025"]
[Site "Schwaebisch Gmuend"]
[Date "2025.01.06"]
[Round "9.12"]
[White "Albert, Markus"]
[Black "Boder, Jan"]
[Result "1/2-1/2"]
[ECO "B28"]
[WhiteElo "2202"]
[BlackElo "2324"]
[Annotator "TA"]
[PlyCount "48"]
[EventDate "2024.11.24"]
[EventType "swiss"]
[EventCountry "GER"]
[SourceTitle "playchess.com"]
[Source "ChessBase"]
[SourceQuality "1"]
[TimeControl "40/6000+30:1200+30"]

1. e4 c5 2. Nf3 a6 3. Nc3 Nc6 4. d4 cxd4 5. Nxd4 e5 6. Nf5 d6 7. Ne3 Nf6 8. Ned5 Nxd5 9. Nxd5 {[%emt 0:00:12] aiming for Be3.} Be6 {[%emt 0:01:24] White is slightly better.} 10. c3 Be7 11. Be2 O-O 12. O-O h6 13. Bg4 Bxd5 14. Qxd5 Qc7 15. Be3 Bg5 16. Bxg5 hxg5 17. Rad1 Rad8 18. Rfe1 {[%emt 0:01:01][%cal Bf1e1,Be1e3,Be3g3][%mdl 32] Black is weak on the light squares} g6 19. Re3 Qe7 20. Rg3 Kg7 21. Be2 Na7 22. Qd2 {[%emt 0:04:59] White is much more active.} f6 23. Rd3 Nc8 24. h3 b5 {[%emt 0:03:24] Weighted Error Value: White=0.05 (flawless) /Black=0.09 (flawless) .  Inaccurate:     	White=2     	Black=3      OK:         	White=6     	Black=5} 1/2-1/2

[Event "35th Staufer-Open-A 2025"]
[Site "Schwaebisch Gmuend"]
[Date "2025.01.06"]
[Round "9.13"]
[White "Besou, Hussain"]
[Black "Chen, Muxi"]
[Result "1-0"]
[ECO "B31"]
[WhiteElo "2322"]
[BlackElo "2104"]
[Annotator "TA"]
[PlyCount "149"]
[EventDate "2024.11.24"]
[EventType "swiss"]
[EventCountry "GER"]
[SourceTitle "playchess.com"]
[Source "ChessBase"]
[SourceQuality "1"]
[TimeControl "40/6000+30:1200+30"]

1. e4 c5 2. Nf3 Nc6 3. Bb5 g6 4. O-O Bg7 5. Bxc6 dxc6 6. h3 e5 7. d3 Qe7 8. Be3 Nf6 9. Nc3 Nd7 10. Qd2 Nf8 11. Bh6 f6 12. Bxg7 Qxg7 13. Na4 Ne6 14. a3 b5 15. Nc3 O-O 16. a4 b4 17. Ne2 Ba6 18. b3 Rae8 19. Qe3 Nd4 20. Nfxd4 cxd4 21. Qd2 c5 22. f4 Qh6 23. Ng3 f5 24. Rf2 Qh4 25. Kh2 g5 26. Nxf5 (26. exf5 exf4 27. Ne4 $19) 26... Rxf5 27. exf5 $2 (27. g3 $1 $18 Qh6 28. exf5 exf4 29. Re2 (29. gxf4 $2 Re3 $19)) 27... exf4 $11 28. Re2 Re3 $1 29. Qe1 Qxe1 30. Raxe1 Bb7 31. Kg1 Kf7 32. Rxe3 dxe3 33. Rd1 Ba6 34. Kf1 Kf6 35. Ke1 $2 {[%emt 0:04:50][%mdl 8192] [#]} (35. g3 $1 $11) 35... Bb7 $1 $19 (35... Kxf5 36. d4 Bb7 37. Kf1 $11) 36. Kf1 Ba6 $2 (36... Kxf5 37. d4 $15) (36... Bd5 $19 37. a5 Kxf5) 37. Ke1 (37. g3 $11) 37... Bb7 $2 (37... h5 $15 38. d4 Kxf5 39. dxc5 Bb7) 38. Kf1 $19 Ke5 (38... Kxf5 39. d4 cxd4 40. Rxd4 $11) 39. f6 Bd5 $1 (39... Kxf6 40. d4 Ba6+ 41. Ke1 $11) 40. Ke2 $2 (40. a5 h5 (40... Kxf6 41. d4 $11) 41. Kg1) 40... Kxf6 $19 41. g3 Ke5 (41... fxg3 42. Rg1 $16) 42. gxf4+ gxf4 43. Rg1 Kd4 $2 (43... h5 $19 44. Rg7 Kd4) 44. Rg4 $11 Kc3 45. Rxf4 Kxc2 46. Rf5 Be6 $1 47. Rxc5+ Kxb3 48. Kxe3 $2 {[%emt 0:00:00][%mdl 8192] [#]} (48. Re5 $11 Bxh3 49. Kxe3 (49. Rxe3 Bg4+ 50. Kd2 a5 $11)) 48... Ka3 $4 (48... Ka2 $1 $19 {[%cal Ob4b3] White must now prevent ...b3!.} 49. Rc2+ Ka3) 49. Kd2 $18 b3 50. Kc3 Bd7 (50... Bxh3 $142 51. Rb5 Kxa4 52. Rb4+ (52. Rxb3 h5 $18) 52... Ka5) 51. Rc7 $18 Bc6 52. Rc8 (52. Rxc6 $2 {too greedy.} b2 53. Rh6 (53. Kc2 $2 Ka2 $19) 53... b1=Q $19) 52... Bd5 53. Rb8 Kxa4 54. Rb4+ (54. Rh8 $142 a5 55. Rxh7) 54... Ka5 $18 55. Rh4 Bg8 56. Rg4 Be6 (56... Bf7 $18 57. Rg7 Bg6 58. Rxa7+ Kb6) 57. Rg7 Bxh3 58. Kxb3 Be6+ 59. Kc3 Kb6 60. Rxh7 Bg8 61. Rg7 Ba2 62. Rg6+ Kb5 63. Rg5+ Kb6 64. Kb4 Bb1 65. d4 Bd3 66. Rh5 a6 67. Rh6+ Kc7 68. d5 a5+ 69. Kc5 a4 70. Rh3 Bc2 71. Rg3 Bb3 72. Rg7+ Kb8 73. d6 Kc8 74. Kc6 a3 75. Ra7 1-0

[Event "35th Staufer-Open-A 2025"]
[Site "Schwaebisch Gmuend"]
[Date "2025.01.06"]
[Round "9.14"]
[White "Dolzhykova, Kateryna"]
[Black "Gut, Lionel"]
[Result "1/2-1/2"]
[ECO "B06"]
[WhiteElo "2299"]
[BlackElo "2152"]
[Annotator "TA"]
[PlyCount "96"]
[EventDate "2024.11.24"]
[EventType "swiss"]
[EventCountry "GER"]
[SourceTitle "playchess.com"]
[Source "ChessBase"]
[SourceQuality "1"]
[TimeControl "40/6000+30:1200+30"]

1. e4 c5 2. Nc3 g6 3. d4 Bg7 4. dxc5 Nc6 5. Be3 Nf6 6. f3 {[%emt 0:08:33] White is more active.} O-O 7. Qd2 (7. Bb5 $16) 7... b6 8. cxb6 e6 (8... axb6 $14 9. Bb5 Ba6) 9. Bb5 $1 $16 {[%emt 0:06:16] Hoping for Bxc6.} Bb7 10. Bxc6 Bxc6 11. bxa7 d5 12. e5 Nh5 13. Bd4 ({White should try} 13. O-O-O $18) 13... f6 14. exf6 Bxf6 15. Bxf6 (15. Bc5 $142) 15... Qxf6 (15... Nxf6 $16 16. Nh3 d4) 16. Nge2 $18 Qh4+ 17. g3 Qb4 18. Nd4 Bd7 19. f4 Qxb2 20. Rb1 Qa3 21. Rb7 $2 (21. Ncb5 $18 Qxa2 22. O-O) 21... Rxa7 $11 22. Ndb5 Bxb5 23. Rxb5 Rc7 24. Rb3 Qc5 25. Nb5 Qxc2 26. Nxc7 Qe4+ 27. Qe2 Qxh1+ 28. Kd2 Ng7 29. Rc3 (29. Nxe6 $11 Re8 30. Rb7) 29... Qa1 30. Kd3 (30. Rc2 $17) 30... Qb1+ 31. Qc2 Qf1+ 32. Qe2 Qb1+ (32... Qxe2+ 33. Kxe2 Rb8 34. Rb3 Rxb3 35. axb3 $11) (32... Qa1 $17 33. Rc2 g5 34. Nxe6 Re8) 33. Qc2 $1 $19 Qg1 34. Qe2 {[%emt 0:02:02] [#]} e5 $1 35. Kc2 (35. Nxd5 Qd4+) 35... Rb8 {[%emt 0:06:00] ( -> ...Qb1+)} 36. Nb5 (36. Rb3 {was forced.} Qc5+ 37. Rc3) 36... Nf5 37. a4 $2 (37. fxe5 $2 Rxb5 38. Rc8+ Kf7 (38... Kg7 $2 39. Rc7+ Kg8 40. Rc8+ Kf7 41. e6+ Ke7 42. Re8+ Kd6 43. Rd8+ Kc7 44. Qxb5 $19) 39. e6+ (39. Qxb5 $2 Nd4+ 40. Kd3 Nxb5 $19) (39. Rc7+ $2 Ke6 $19) 39... Kg7 (39... Ke7 $2 40. Re8+ Kd6 41. Rd8+ Kc7 42. Qxb5 $19) 40. Rc7+ Kh6 41. Qd2+ g5 $19) (37. Qxe5 Qf2+ (37... Rxb5 38. Rc8+ Kf7 39. Rc7+) (37... Qxh2+ 38. Kb3 $14) 38. Kd1 Qf1+ (38... Rxb5 39. Rc8+ Kf7 40. Rc7+) 39. Qe1 Qxe1+ (39... Qxb5 $2 40. Rb3 $19) 40. Kxe1 Rxb5 41. g4) 37... e4 $2 (37... Qa1 {...Nd4+ would now be deadly.} 38. Kd2 Qxa4 39. Qxe5 Qxb5 (39... Rxb5 40. Rc8+ Kf7 41. Rc7+)) 38. Kb2 e3 $2 {[%emt 0:07:48] Against Qd2} (38... d4 39. Rc1 Qe3 (39... d3 40. Rxg1 dxe2 41. Re1 $16) 40. Qxe3 Nxe3 41. Re1) (38... Qd4 $1 $19 39. Ka3 Qf6) 39. Ka2 $2 {[%emt 0:04:31] [#]} (39. Rc1 $11 Qf2 40. Rc2) 39... d4 $2 (39... Ra8 $1 $19 40. Na3 Rxa4) 40. Qc4+ $11 Kh8 ({Better is} 40... Kg7 $17 41. Rc1 Qg2+ (41... Qxh2+ 42. Rc2 $11) 42. Rc2 Qe4) 41. Rc2 $2 (41. Qe6 $1 $11 {and White has nothing to worry.} Qxh2+ (41... dxc3 42. Qe5+ Kg8 43. Qxb8+ Kg7 44. Nxc3 $11) (41... Qf2+ 42. Ka3 $11) 42. Ka3 dxc3 43. Qe5+ Kg8 44. Qxb8+ Kg7 45. Nxc3) 41... Qd1 $19 42. g4 d3 ({Stronger than} 42... Qxg4 43. Nxd4 Ng7 (43... Qxf4 $2 {too greedy.} 44. Qc8+ Rxc8 45. Rxc8+ Kg7 46. Ne6+ Kf6 47. Nxf4 $18) 44. a5 $15) 43. Rc1 Qd2+ $2 (43... Qe2+ $19 44. Kb1 Qxg4 (44... Ng7 45. f5 $19)) 44. Ka3 $1 $11 Ng7 45. Qc7 $1 Rf8 46. Qc5 $1 {[%emt 0:03:10] Chess con chili.} Rb8 (46... Rxf4 47. Qc8+) 47. Qc7 $1 Rf8 (47... Ra8 $11 48. Nd6 Ne6 (48... Qxh2 49. Nf7+ Kg8 50. Ng5 $18) 49. Nf7+ Kg7 50. Qe5+ Kxf7) 48. Qc5 $1 $17 {[%emt 0:00:03] [#]} Rb8 (48... Rxf4 49. Qc8+ $18) (48... Rg8 $1 $17 49. f5 gxf5 (49... Qxh2 50. f6 $14) 50. gxf5 e2 (50... Qxh2 51. Nd6 $11)) 1/2-1/2

[Event "35th Staufer-Open-A 2025"]
[Site "Schwaebisch Gmuend"]
[Date "2025.01.06"]
[Round "9.15"]
[White "Sydykov, Bayastan"]
[Black "Hasenohr, Benedict"]
[Result "1-0"]
[ECO "C07"]
[WhiteElo "2221"]
[BlackElo "2289"]
[Annotator "TA"]
[PlyCount "79"]
[EventDate "2024.11.24"]
[EventType "swiss"]
[EventCountry "GER"]
[SourceTitle "playchess.com"]
[Source "ChessBase"]
[SourceQuality "1"]
[TimeControl "40/6000+30:1200+30"]

1. e4 e6 2. d4 d5 3. Nd2 c5 4. Ngf3 cxd4 5. Nxd4 Nc6 6. Bb5 Bd7 7. Nxc6 bxc6 8. Bd3 Bd6 9. Qe2 Ne7 10. e5 Bc7 11. O-O Ng6 12. f4 O-O 13. Nf3 f5 14. c4 Bb6+ 15. Kh1 d4 16. b4 c5 17. b5 a6 18. a4 Ra7 19. Nd2 (19. Qc2 $14) 19... Qc7 $11 20. Nb3 axb5 $1 21. cxb5 Rfa8 22. Qc2 $1 c4 23. Bxc4 Rc8 (23... Rxa4 $15 24. Bd2 (24. Rxa4 Rxa4 25. Nd2 Rxc4 $15) 24... Nh4 (24... Rxc4 25. Rxa8+ Kf7 26. Qb1 $16) (24... Rxa1 25. Rxa1 Rxa1+ 26. Nxa1 $11) 25. Rxa4 Rxa4) 24. a5 Bxa5 (24... Qxc4 $2 25. Qxc4 Rxc4 26. axb6 Rxa1 27. b7 $18) 25. Nxa5 (25. Qxf5 $2 {perishes.} Qxc4 26. Bb2 exf5 $19) 25... Rxa5 26. Rxa5 ({But not} 26. Bxe6+ Bxe6 27. Qxc7 Rxa1 $17) 26... Qxa5 27. Qb3 $36 {[%emt 0:00:58][%mdl 2048] Prevents Qb4. White fights for an advantage.} Kf7 {[%emt 0:04:23] and ...Qc7 should not be overlooked} 28. Bb2 (28. Rd1 $1 $14) 28... Qc7 (28... Rxc4 $5 29. Qxc4 Bxb5 $18) 29. Bd3 Qb7 30. Bxf5 Nh4 (30... Rb8 $14) 31. Bh3 $16 {[%emt 0:00:28][%cal Of4f5] Chess con chili. This pair of bishops is nice.} (31. Bxh7 $2 Qxg2#) 31... g6 32. Bxd4 Qe4 $2 (32... Nf5) 33. Bg1 $18 Kg7 (33... Qc2 $142 34. Rb1 h6) 34. Ra1 (34. Bxe6 $2 Qxg2#) 34... Rc2 (34... Kh8 $142 35. Rd1 (35. Bxe6 $2 Qxg2#) 35... Qb7 36. Rxd7 (36. Bxe6 $2 Qxg2#) 36... Qxd7 37. Bxe6 (37. Qxe6 Qxe6 38. Bxe6 Rd8 $18) 37... Qd2) 35. Qg3 (35. Bxe6 $2 Qxg2#) 35... Nf5 36. Qg5 Qd3 37. Bg4 {[%emt 0:03:32] Strongly threatening Qf6+.} Bxb5 38. Ra7+ Kg8 39. Qf6 Bd7 40. Qd8+ 1-0

[Event "35th Staufer-Open-A 2025"]
[Site "Schwaebisch Gmuend"]
[Date "2025.01.06"]
[Round "9.16"]
[White "Herrmann, Jakob"]
[Black "Melestean, Maxim"]
[Result "1-0"]
[ECO "E09"]
[WhiteElo "2234"]
[BlackElo "1962"]
[Annotator "TA"]
[PlyCount "87"]
[EventDate "2024.11.24"]
[EventType "swiss"]
[EventCountry "GER"]
[SourceTitle "playchess.com"]
[Source "ChessBase"]
[SourceQuality "1"]
[TimeControl "40/6000+30:1200+30"]

1. d4 d5 2. c4 e6 3. Nf3 c6 4. Nbd2 Nf6 5. g3 Be7 6. Bg2 O-O 7. O-O Nbd7 8. Qc2 b6 9. e4 dxc4 10. Nxc4 Bb7 11. Nfe5 Nxe5 12. dxe5 Nd7 13. Rd1 Qc7 14. Bf4 Rfd8 15. h4 h6 (15... Ba6 $1 $11) 16. h5 ({White should play} 16. Nd6 $14) 16... Ba6 $11 17. Ne3 Nc5 18. Nc4 Nd7 (18... Bxc4 $15 {is more appropriate.} 19. Qxc4 Nb7) 19. Rac1 (19. Nd6 Nxe5 $17) 19... Rac8 (19... Bxc4 $15 {stays ahead.} 20. Qxc4 Nb8 (20... Nxe5 21. Qc3 $17)) 20. Nd6 $16 Bxd6 (20... c5 $16) 21. exd6 $18 Qb8 22. e5 c5 23. Qd2 $1 Bb7 {[%emt 0:03:51] [#]} 24. Rc4 $2 (24. Bxh6 $1 $18 {and the rest is easy. White threatens Qg5 and mate.} gxh6 25. Qxh6 Bxg2 26. Kxg2 (26. Qg5+ Kh7 $17) 26... Qb7+ 27. f3) 24... Kh7 {[%emt 0:00:33] [#] Black is weak on the dark squares} (24... Bxg2 $16 25. Kxg2 Qa8+ 26. f3 Qc6) 25. Bf1 (25. Bxh6 $1 $18 Bxg2 26. Bxg7 Kxg7 27. Qg5+ (27. Kxg2 Rg8 $11) 27... Kh7 28. Rf4 (28. Kxg2 Rg8 $11) 28... Nxe5 29. h6 (29. Qxe5 Qb7 $18)) 25... Qa8 $2 (25... b5 $16 26. Rc3 b4) 26. Bd3+ Kg8 27. Re1 Bh1 28. Rce4 {[%emt 0:06:10] Active counter play!} f5 {[%emt 0:01:47] [#]} ({Much worse is} 28... Bxe4 29. Bxe4 Qb8 30. Bxh6 Nxe5 31. Qg5) 29. exf6 $1 Nxf6 30. Kxh1 c4 31. Bb1 Rc5 {[%emt 0:01:35][%cal Bc8c5,Bc5h5,Bh5a5,Ba5d5][%mdl 32] [#]} 32. f3 $1 Rxh5+ (32... Nxe4 33. Rxe4) 33. Kg2 Nxe4 34. Bxe4 Qc8 35. g4 Ra5 36. Bb1 {[%emt 0:02:55] Qc2 would now be deadly. A strong pair of Bishops.} Rf8 (36... Rd5 $142) 37. d7 Qa8 38. Rxe6 (38. Qd6 $142 Rb5 39. Qxe6+ Kh8 40. Kg3 (40. Qxc4 Rxb2+ 41. Kg3 Rxb1 $18) 40... Rb3 41. axb3 c3 42. Qg6 (42. bxc3 Qd8 43. Be5 Qg5 44. f4 Qxe5 45. Rxe5 a6 46. d8=Q Rxd8) 42... c2 43. Bxc2 (43. Qxc2 Kg8 44. Qh7+ Kf7 45. Bxh6 Qb8+ 46. Kg2 Qe5 47. Rxe5 Rg8 48. Qf5#)) 38... Rd5 39. Qc2 Rd3 {[%emt 0:07:54] [#]} 40. Re3 $1 Rxe3 (40... Qd5 41. Rxd3) 41. Qh7+ Kf7 42. Bxe3 Qc6 43. Bd4 Rg8 {[%emt 0:03:13] [#]} 44. Qxg8+ $3 1-0

[Event "35th Staufer-Open-A 2025"]
[Site "Schwaebisch Gmuend"]
[Date "2025.01.06"]
[Round "9.17"]
[White "Ehmann, Thilo"]
[Black "Yasmo, Daniil"]
[Result "1-0"]
[ECO "C67"]
[WhiteElo "2335"]
[BlackElo "2138"]
[Annotator "TA"]
[PlyCount "113"]
[EventDate "2024.11.24"]
[EventType "swiss"]
[EventCountry "GER"]
[SourceTitle "playchess.com"]
[Source "ChessBase"]
[SourceQuality "1"]
[TimeControl "40/6000+30:1200+30"]

1. e4 e5 2. Nf3 Nc6 3. Bb5 Nf6 4. O-O Nxe4 5. d4 Nd6 6. Bxc6 dxc6 7. dxe5 Nf5 8. Qxd8+ Kxd8 9. h3 Be7 10. Nc3 Ke8 11. Bf4 Be6 {[%emt 0:02:00] The position is equal.} 12. Rad1 Rd8 13. Rxd8+ Kxd8 14. g4 Nh4 15. Nxh4 Bxh4 16. Kg2 h5 17. f3 Kc8 18. Ne4 Bd5 (18... Bxa2 $2 {loses.} 19. b3 $18) 19. Ng3 hxg4 (19... Bxa2 $2 20. b3 $18) 20. hxg4 Bxg3 (20... Bxa2 $2 21. b3 $18) 21. Kxg3 $11 {[%emt 0:00:30][%mdl 4096] Endgame. KRB-KRB} Kd7 22. b3 c5 23. c4 Bc6 24. Bg5 Ke6 25. Re1 a5 26. a4 b6 27. f4 {[%emt 0:14:27] Strongly threatening f5+.} g6 28. Bh4 Bb7 (28... Bf3 $1 $14) 29. Rd1 $16 Be4 (29... Bc6 $16 30. Rd2 Rc8) 30. Rd2 $14 Rc8 (30... Bb1 $14 31. Bd8 Rxd8 32. Rxd8 Bc2) 31. Bf6 $16 Bc6 (31... Rf8 $16 32. Kf2 Rc8) 32. Kf2 ({White should play} 32. Re2 $1 $18) 32... Be4 33. Ke3 Bc6 34. Rf2 {[%emt 0:14:22] Hoping for f5+.} Rg8 35. f5+ (35. Rf1 $16) 35... gxf5 $11 36. gxf5+ Kd7 37. Rh2 {[%emt 0:00:14] Rh7 is the strong threat.} Rg3+ 38. Kf4 Rf3+ 39. Kg4 $1 {[%emt 0:01:23] Rh7 would now be deadly.} Be4 $2 (39... Rxb3 $2 {too greedy.} 40. Rh7 Kc8 41. Rxf7 $18) (39... Rf1 $1 $11 {and Black stays safe.}) 40. Re2 $18 Bc6 {[%emt 0:00:46][%cal Of3d3] [#]} 41. Rd2+ Kc8 42. Rd8+ Kb7 43. Rf8 Be4 $2 (43... Rxb3 44. Rxf7 Rb4) 44. Rxf7 Rxf5 45. e6 {[%emt 0:00:15] And now e7 would win.} Rf3 46. Be5 Rxb3 47. Rxc7+ Ka6 48. Kg5 {[%emt 0:00:00] e7 would kill now.} Rf3 49. Bf4 $2 (49. Rf7 $18) 49... Bc2 $2 {[%emt 0:00:00][%mdl 8192] [#]} (49... Rh3 $16) 50. Rf7 $1 Rxf4 51. Kxf4 {[%emt 0:00:00] White mates.} Bxa4 {[%emt 0:00:00] KR-KB} 52. e7 Bc6 53. Ke5 a4 54. Kd6 Be8 55. Rf8 Bh5 56. Ra8+ Kb7 57. Rxa4 {[%emt 0:00:00] Weighted Error Value: White=0.22 (precise) /Black=0.44.  Loses game:     	---       	Black=2      Mistake:       	White=2     	Black=5      Inaccurate:     	White=1     	Black=3      OK:         	White=17    	Black=12     Best:        	White=8     	Black=3      Strong:       	White=2     	---} 1-0

[Event "35th Staufer-Open-A 2025"]
[Site "Schwaebisch Gmuend"]
[Date "2025.01.06"]
[Round "9.18"]
[White "Dordevic, Tom"]
[Black "Zeller, Frank"]
[Result "0-1"]
[ECO "E10"]
[WhiteElo "2135"]
[BlackElo "2325"]
[Annotator "TA"]
[PlyCount "58"]
[EventDate "2024.11.24"]
[EventType "swiss"]
[EventCountry "GER"]
[SourceTitle "playchess.com"]
[Source "ChessBase"]
[SourceQuality "1"]
[TimeControl "40/6000+30:1200+30"]

1. d4 Nf6 2. c4 e6 3. Nf3 c5 4. d5 b5 5. dxe6 fxe6 6. cxb5 d5 7. Nc3 Nbd7 8. e4 Bb7 (8... d4 $14) 9. Be2 $2 ({White should try} 9. Ng5 $1 $16 ) 9... Bd6 (9... d4 $15) 10. O-O {[%emt 0:06:21] and Ng5 should not be overlooked} O-O (10... d4 $1 $11) 11. Ng5 $14 Qe7 12. f4 h6 13. Nf3 (13. e5 $1 {was preferable.} hxg5 14. exd6 Qxd6 15. fxg5) 13... Nxe4 $11 14. Nxe4 dxe4 15. Nh4 Kh7 16. Bh5 Rf6 {[%emt 0:09:25] Prevents Ng6} 17. Bd2 {[%emt 0:15:03] [#]} (17. f5 $11 Ne5 18. Bg5 hxg5 19. Bg6+ Rxg6 (19... Kg8 20. Qh5 $11) 20. Nxg6) 17... g6 $1 $17 18. Be2 (18. Bxg6+ $17 Rxg6 19. Nxg6 Kxg6 20. Be3) 18... Raf8 $19 19. Qa4 (19. g3 {was worth a try.}) 19... Bb8 (19... Bxf4 20. Rxf4 Rxf4 21. Bxf4 Rxf4 22. Qxa7 $11) (19... Nb6 $142 20. Qc2 Bxf4 21. Bxf4 Rxf4 22. Rxf4 Rxf4) 20. g3 e5 21. Ng2 (21. fxe5 $142 Nxe5 (21... Bxe5 22. Be3 $15) 22. Qc2) 21... exf4 22. Bxf4 Ne5 23. Rae1 {[%emt 0:03:16] [#]} g5 ({Better is} 23... Qf7 $1 $19 {aiming for ...Nf3+.} 24. Be3 Nf3+ 25. Bxf3 exf3) 24. Bxe5 (24. Bd2 $17) 24... Bxe5 (24... Qxe5 25. Qa3 $11) 25. Rxf6 $2 (25. Ne3) 25... Qxf6 ({Less strong is} 25... Bxf6 26. Qa3 $17) 26. Qxa7 $2 {[%emt 0:01:34] White is weak on the dark squares} (26. Kh1 e3 (26... Bxb2 27. Qxa7 Qe7 28. Ne3 $17) 27. Qc4) 26... Qf2+ 27. Kh1 Rf7 28. Qb6 {[%emt 0:04:38] [#]} Qxe2 $1 29. h4 {[%emt 0:05:36] [#]} (29. Qxb7 Qxe1+) 29... Bxg3 $1 0-1

[Event "35th Staufer-Open-A 2025"]
[Site "Schwaebisch Gmuend"]
[Date "2025.01.06"]
[Round "9.19"]
[White "Klaska, Philipp Leon"]
[Black "Gut, Raphael"]
[Result "0-1"]
[ECO "B90"]
[WhiteElo "2264"]
[BlackElo "2133"]
[Annotator "TA"]
[PlyCount "50"]
[EventDate "2024.11.24"]
[EventType "swiss"]
[EventCountry "GER"]
[SourceTitle "playchess.com"]
[Source "ChessBase"]
[SourceQuality "1"]
[TimeControl "40/6000+30:1200+30"]

1. e4 c5 2. Nf3 d6 3. d4 cxd4 4. Nxd4 Nf6 5. Nc3 a6 6. h3 e5 7. Nde2 h5 8. Bg5 Be7 9. Qd3 Be6 10. O-O-O Nbd7 11. f4 Qc7 12. Kb1 b5 13. Ng3 Rc8 14. Qd2 $2 {[%emt 0:14:57] [#]} (14. Nf5 $11 {and White is okay.}) 14... h4 $1 $19 15. Bxf6 Nxf6 (15... hxg3 16. Bxe7 (16. Bxg7 Rh7 $14) 16... Kxe7 17. f5 $16) (15... Bxf6 16. Nf5 Bxf5 17. exf5 $11) 16. f5 $2 (16. Nge2) 16... b4 (16... hxg3 17. fxe6 fxe6 18. Bd3 $15) 17. Na4 $2 (17. fxe6 bxc3 18. Qg5 (18. exf7+ $2 Kf8 $19) 18... fxe6 (18... hxg3 $2 19. Qxg7 Rf8 20. Bd3 $19) (18... cxb2 $2 19. Bd3 $19) 19. b3) 17... hxg3 18. fxe6 Nxe4 (18... fxe6 19. Bxa6 Rb8 (19... Nxe4 20. Qe2 $15) 20. Bd3 $15) 19. exf7+ {[%emt 0:00:06] White is weak on the dark squares} Kf8 $1 20. Qe2 Nf2 21. Rg1 Nxd1 (21... Kxf7 22. Qf3+ Ke8 23. Rd2 $17) 22. Qxd1 Qc6 (22... Kxf7 23. Bxa6 Qc6 24. Bxc8 Rxc8 25. c3 $17) 23. b3 d5 {[%emt 0:01:58] Repels Bc4} ({Less strong is} 23... Kxf7 24. Bc4+ Kf8 25. Bd5 $17) 24. Be2 e4 {[%emt 0:05:53][%cal Oh8h6] ...Rh6! is the strong threat.} ({Much less strong is} 24... Kxf7 25. a3 $19) 25. Bg4 Rc7 0-1